[Event "Team 45 45 League T54"]
[Site "Internet Chess Club"]
[Date "2012.09.11"]
[Round "4"]
[White "SugarIslander"]
[Black "AVEMARIA"]
[Result "1/2-1/2"]
[WhiteElo "1654"]
[BlackElo "1684"]
[Opening "QGD Slav: Krause attack"]
[ECO "D17"]
[Time "16:01:21"]
[TimeControl "2700+45"]

1. d4 d5 2. c4 c6 3. Nf3 Nf6 4. Nc3 dxc4 5. a4 Bf5 6. Ne5 Nbd7 7. Nxc4 Nb6 8.
Ne5 a5 9. f3 e6 10. e4 Bg6 11. Nxg6 hxg6 12. Be2 Qc7 13. e5 Nfd5 14. O-O Be7 15.
g3 O-O 16. f4 Rfd8 17. Bf3 c5 18. Nxd5 Nxd5 19. Bxd5 Rxd5 20. Be3 cxd4 21. Rc1
Qd7 22. Bf2 b6 23. Rc4 Bc5 24. Qd3 Rd8 25. Rd1 Qe7 26. b3 g5 27. fxg5 Qxg5 28.
Re1 Rxe5 29. Rxe5 Qxe5 30. Rc1 Qd5 31. Re1 g6 32. g4 Bb4 33. Re4 Bc3 34. Bg3
Qxb3 35. Be5 Qd5 36. Qh3 Qxe5 37. Rxe5 d3 38. Rb5 d2 39. Rb1 d1=Q+ 40. Rxd1
Rxd1+ 41. Kf2 {Game drawn by mutual agreement} 1/2-1/2

[Event "Team 45 45 League T54"]
[Site "Internet Chess Club"]
[Date "2012.09.10"]
[Round "4"]
[White "Kingofknights"]
[Black "oldsj"]
[Result "0-1"]
[WhiteElo "1557"]
[BlackElo "1648"]
[Opening "King's Indian: Sämisch, 5...O-O"]
[ECO "E81"]
[Time "19:01:54"]
[TimeControl "2700+45"]

1. d4 Nf6 2. c4 g6 3. Nc3 Bg7 4. e4 d6 5. f3 O-O 6. Be3 c5 7. dxc5 dxc5 8. Bxc5
Nc6 9. Qxd8 Rxd8 10. Rd1 Nd7 11. Be3 Bxc3+ 12. bxc3 b6 13. Ne2 Ba6 14. Nd4 Nce5
15. Nb5 Bxb5 16. cxb5 Rac8 17. Rc1 Nc5 18. Rc2 Ncd3+ 19. Bxd3 Nxd3+ 20. Ke2 Ne5
21. Rd1 Nc4 22. Rd3 Na3 23. Rb2 Nc4 24. Rb4 Nxe3 25. Kxe3 e5 26. c4 Kf8 27. g4
Ke7 28. Rd5 Ke6 29. Kd3 f5 30. Rb2 f4 31. h4 h6 32. a4 Rd6 33. Ra2 Rdd8 34. a5
Rd7 35. Rxd7 Kxd7 36. axb6 axb6 37. Ra7+ Rc7 38. Rxc7+ Kxc7 39. c5 bxc5 40. Kc4
Kb6 41. Kd5 Kxb5 42. Kxe5 c4 43. Kd4 Kb4 44. Kd5 c3 45. e5 c2 46. e6 c1=Q 47. e7
Qc8 {White resigns} 0-1

[Event "Team 45 45 League T54"]
[Site "Internet Chess Club"]
[Date "2012.09.07"]
[Round "4"]
[White "nanning"]
[Black "tightfist"]
[Result "1-0"]
[WhiteElo "1668"]
[BlackElo "1487"]
[Opening "QGD semi-Slav: 5.e3"]
[ECO "D45"]
[Time "11:00:42"]
[TimeControl "2700+45"]

1. c4 c6 2. d4 d5 3. Nf3 Nf6 4. e3 e6 5. Nc3 c5 6. cxd5 cxd4 7. Bb5+ Bd7 8. dxe6
fxe6 9. Nxd4 Nc6 10. O-O Bc5 11. Nxc6 bxc6 12. Bc4 O-O 13. b3 Nd5 14. Ne4 Be7
15. Bb2 a5 16. Qg4 Rf7 17. Rad1 Qf8 18. Ng5 Rf5 19. h4 Bxg5 20. hxg5 Nb6 21. Bd3
Rd5 22. Qe4 Qf5 23. Qxf5 exf5 24. e4 fxe4 25. Bxe4 Rxd1 26. Rxd1 Re8 27. f3 Kf7
28. Rd6 Re6 29. Rxe6 Bxe6 30. Bxc6 g6 31. Kf2 Nd5 32. Bb5 Nc7 33. Bc4 Nd5 34. g3
Ke7 35. f4 Kd7 36. Kf3 Kd6 37. Ba3+ Nb4 38. Ke3 Bxc4 39. bxc4 Kc5 40. Bxb4+ axb4
41. Kd3 Kc6 42. Kd4 Kd6 43. c5+ Kc6 44. Kc4 Kc7 45. Kxb4 Kc6 46. a4 Kc7 47. Kb5
Kb7 48. a5 Kb8 49. a6 Kc7 50. c6 Kb8 51. Kb6 Kc8 52. a7 Kd8 53. a8=Q+ Ke7 54.
Qg8 Kd6 55. Qe8 Kd5 56. c7 {Black resigns} 1-0

[Event "Team 45 45 League T54"]
[Site "Internet Chess Club"]
[Date "2012.09.07"]
[Round "4"]
[White "whiskeytown"]
[Black "smsxman"]
[Result "1-0"]
[WhiteElo "1490"]
[BlackElo "1499"]
[Opening "Philidor: exchange variation"]
[ECO "C41"]
[Time "12:02:18"]
[TimeControl "2700+45"]

1. e4 e5 2. Nf3 d6 3. d4 exd4 4. Nxd4 Nf6 5. Nc3 Bd7 6. Bc4 Nc6 7. O-O Be7 8.
Be3 O-O 9. h3 a6 10. Qf3 b5 11. Be2 Nxd4 12. Bxd4 c5 13. Be3 Bc6 14. Nd5 Rc8 15.
Rad1 Re8 16. Qg3 Nxe4 17. Qg4 Bxd5 18. Bh6 Bg5 19. Bxg5 Nxg5 20. Rxd5 h6 21. Bd3
Nh7 22. Qg3 Rc6 23. Qf3 Rc7 24. Qf4 Re6 25. Bxh7+ Kxh7 26. Rfd1 Rd7 27. c4 Rf6
28. Qe4+ Kh8 29. a4 b4 30. b3 Re7 31. Qc2 Rd7 32. Qe4 Re6 33. Qf4 Qe7 34. Kf1
Rf6 35. Qd2 Re6 36. g3 Re5 37. Rxe5 Qxe5 38. Re1 Qf5 39. g4 Qf3 40. Re3 Qf6 41.
Qd3 Re7 42. Rf3 Qa1+ 43. Kg2 Re1 44. Rxf7 Rg1+ 45. Kf3 Qd1+ 46. Qxd1 Rxd1 47.
Ke2 Rd4 48. Ra7 h5 49. Rxa6 hxg4 50. hxg4 Rxg4 51. Rxd6 Rg5 52. a5 Re5+ 53. Kd3
Re1 54. Rc6 Rb1 55. Rxc5 Rxb3+ 56. Kc2 Ra3 57. Kb2 Rf3 58. a6 Rxf2+ 59. Kb3 Rf6
60. a7 Rf8 61. Kxb4 Ra8 62. Rc7 g5 63. Rb7 Rxa7 64. Rxa7 g4 65. Kc5 g3 66. Kd6
g2 67. Ra1 Kg7 68. Rg1 {Black resigns} 1-0

[Event "Team 45 45 League T54"]
[Site "Internet Chess Club"]
[Date "2012.09.10"]
[Round "4"]
[White "FlyingTiger"]
[Black "ChessChamp"]
[Result "1/2-1/2"]
[WhiteElo "1726"]
[BlackElo "1692"]
[Opening "Scotch game"]
[ECO "C45"]
[Time "18:57:08"]
[TimeControl "2700+45"]

1. e4 e5 2. Nf3 Nc6 3. d4 exd4 4. Nxd4 Bb4+ 5. Nc3 Nf6 6. Nxc6 bxc6 7. Bd3 d5 8.
exd5 cxd5 9. O-O O-O 10. Bg5 c6 11. Qf3 Bd6 12. Rfe1 Rb8 13. Rab1 Be6 14. Ne2
Re8 15. Ng3 h6 16. Bxf6 Qxf6 17. Qxf6 gxf6 18. b3 Bxg3 19. hxg3 c5 20. f4 c4 21.
Be2 Bf5 22. Rbc1 cxb3 23. cxb3 d4 24. Bc4 d3 25. Rxe8+ Rxe8 26. Rd1 Re3 27. Kf2
Re2+ 28. Kg1 Re3 29. Kf2 Re2+ 30. Kg1 Be4 31. Bxd3 Rxg2+ 32. Kf1 Bf3 33. Rc1
Rxa2 34. Rc8+ Kg7 35. Bc4 Rc2 36. Re8 Bh5 37. Re7 Ra2 38. f5 Ra1+ 39. Kf2 Ra2+
{Game drawn by mutual agreement} 1/2-1/2

[Event "Team 45 45 League T54"]
[Site "Internet Chess Club"]
[Date "2012.09.10"]
[Round "4"]
[White "Bible-Believer"]
[Black "krysto"]
[Result "0-1"]
[WhiteElo "1519"]
[BlackElo "1576"]
[Opening "Queen's bishop game"]
[ECO "D02"]
[Time "21:00:14"]
[TimeControl "2700+45"]

1. d4 Nf6 2. Nf3 d5 3. Bf4 e6 4. e3 c5 5. c3 Nc6 6. Bd3 Bd6 7. Ne5 c4 8. Bc2 Qc7
9. Nxc6 Bxf4 10. exf4 bxc6 11. g3 c5 12. O-O O-O 13. Nd2 cxd4 14. cxd4 Qb6 15.
Nf3 Qxb2 16. Qd2 Qb6 17. Rfb1 Qc7 18. Ne5 Bd7 19. Nxd7 Nxd7 20. Rb5 Rab8 21.
Rab1 Rxb5 22. Rxb5 Rb8 23. Qb4 Rxb5 24. Qxb5 g6 25. Ba4 Nf6 26. f3 Qb6 27. Qxb6
axb6 28. Kf2 Kf8 29. Ke2 Ne8 30. Kd2 Nc7 31. Bc6 Ke7 32. a4 Na6 33. Kc3 h6 34.
Bb5 Nb8 35. Kb4 f6 36. a5 bxa5+ 37. Kxa5 Kd6 38. Kb4 Nc6+ 39. Kc3 g5 40. Ba4
gxf4 41. gxf4 Nd8 42. Bc2 e5 43. fxe5+ fxe5 44. Bg6 Ne6 45. Bh7 exd4+ 46. Kd2
Nf4 47. Bf5 Kc5 48. Bh7 c3+ 49. Kc2 Kc4 50. Bf5 d3+ {White resigns} 0-1

[Event "Team 45 45 League T54"]
[Site "Internet Chess Club"]
[Date "2012.09.08"]
[Round "4"]
[White "milesotoole"]
[Black "Signalman"]
[Result "1/2-1/2"]
[WhiteElo "1609"]
[BlackElo "1539"]
[Opening "Philidor: Larsen variation"]
[ECO "C41"]
[Time "06:21:11"]
[TimeControl "2700+45"]

1. e4 e5 2. Nf3 d6 3. d4 exd4 4. Nxd4 g6 5. Be3 Bg7 6. Nc3 Nf6 7. Qd2 O-O 8.
O-O-O Re8 9. f3 Nc6 10. h4 a6 11. g4 Ne5 12. Be2 b5 13. h5 c5 14. hxg6 fxg6 15.
Nb3 b4 16. Nd5 a5 17. Bh6 Ra7 18. Bxg7 Rxg7 19. Nxf6+ Qxf6 20. Qxd6 Qxd6 21.
Rxd6 Rf7 22. Nxc5 Kg7 23. Rh3 h5 24. Rg3 hxg4 25. fxg4 Rf2 26. Kd1 Rh8 27. Rg1
Rhh2 28. Nd3 Rxe2 29. Nxe5 Rxc2 30. Rh1 Rxb2 31. Rxh2 Rxh2 32. Rxg6+ Kf8 33.
Rf6+ Ke7 34. g5 Bb7 35. Ng6+ Kd8 36. e5 Be4 37. Rd6+ Ke8 38. Re6+ Kd8 39. Rd6+
Ke8 40. Nf4 Rxa2 41. g6 b3 42. g7 Kf7 43. Rd7+ Kg8 44. Ne6 Bf3+ 45. Kc1 b2+ 46.
Kc2 Be4+ 47. Kc3 b1=N+ 48. Kb3 Ra3+ 49. Kb2 {Game drawn by mutual agreement}
1/2-1/2

[Event "Team 45 45 League T54"]
[Site "Internet Chess Club"]
[Date "2012.09.08"]
[Round "4"]
[White "werty"]
[Black "Berke"]
[Result "1-0"]
[WhiteElo "1519"]
[BlackElo "1532"]
[Opening "French: Tarrasch, closed variation"]
[ECO "C05"]
[Time "14:30:44"]
[TimeControl "2700+45"]

1. e4 e6 2. d4 d5 3. Nd2 Nf6 4. e5 Nfd7 5. Bd3 c5 6. c3 Nc6 7. Ngf3 Qb6 8. O-O
cxd4 9. cxd4 Nxd4 10. Nxd4 Qxd4 11. Nf3 Qb4 12. a3 Qg4 13. b4 Be7 14. Bb2 O-O
15. Rc1 a6 16. h3 Qh5 17. Bd4 Nb8 18. Kh2 Nc6 19. g4 Qh6 20. Be3 g5 21. Qd2 f6
22. exf6 Bxf6 23. Nxg5 Bxg5 24. Bxg5 Qg7 25. Bh6 Qc7+ 26. Kg2 Qe5 27. Bxf8 Kxf8
28. Qh6+ Qg7 {Black resigns} 1-0

[Event "Team 45 45 League T54"]
[Site "Internet Chess Club"]
[Date "2012.09.08"]
[Round "4"]
[White "carokantor"]
[Black "CamNewton"]
[Result "0-1"]
[WhiteElo "2073"]
[BlackElo "2198"]
[Opening "French defense, Steiner variation"]
[ECO "C00"]
[Time "22:05:56"]
[TimeControl "2700+45"]

1. e4 e6 2. c4 d5 3. exd5 exd5 4. d4 Nc6 5. Nc3 Nf6 6. Nf3 Bb4 7. Be2 O-O 8. O-O
h6 9. Nxd5 Nxd5 10. cxd5 Qxd5 11. Bf4 Bg4 12. Bxc7 Rac8 13. Bf4 Bxf3 14. Bxf3
Qxd4 15. Qxd4 Nxd4 16. Bxb7 Ne2+ 17. Kh1 Nxf4 18. Bxc8 Rxc8 19. a3 Bd2 20. Rad1
Rc2 21. b4 Ne2 22. g4 f6 23. h4 Kf7 24. Kg2 Nd4 25. h5 Ke6 26. a4 Kd5 27. b5 Kc5
28. Rb1 Ne2 29. Ra1 Nc3 30. Kh3 Kb4 31. Kg3 Nxa4 32. Rfb1+ Ka5 33. f4 Rc3+ 34.
Kf2 Bxf4 35. Ra2 Be5 36. Rd2 Nc5 37. Kf1 Kb6 38. Ra2 Rh3 39. Kg1 Rg3+ 40. Rg2
Rb3 41. Rxb3 Nxb3 42. Kf2 Kxb5 43. Ke3 Nc5 44. Rc2 a5 45. Kd2 a4 46. Kc1 a3 47.
Kb1 Kb4 48. Ka2 Na4 49. Rc8 Nc3+ 50. Ka1 Kb3 51. g5 Ne2+ 52. Kb1 a2# {White
checkmated} 0-1

[Event "Team 45 45 League T54"]
[Site "Internet Chess Club"]
[Date "2012.09.09"]
[Round "4"]
[White "jorobo"]
[Black "The7thGuest"]
[Result "1-0"]
[WhiteElo "1983"]
[BlackElo "2016"]
[Opening "King's Indian: orthodox, 7...Nbd7"]
[ECO "E94"]
[Time "09:00:29"]
[TimeControl "2700+45"]

1. c4 Nf6 2. Nc3 g6 3. d4 Bg7 4. e4 d6 5. Be2 O-O 6. Nf3 Nbd7 7. O-O e5 8. Be3
Re8 9. d5 Nc5 10. Nd2 a5 11. b3 Rf8 12. a3 Ne8 13. b4 axb4 14. axb4 Rxa1 15.
Qxa1 Nd7 16. c5 f5 17. f3 f4 18. Bf2 g5 19. Nc4 Ndf6 20. Qa8 h5 21. Nb5 Nh7 22.
Na7 Nef6 23. Qxc8 Qxc8 24. Nxc8 Rxc8 25. cxd6 cxd6 26. Nxd6 Rc2 27. Bd1 Rb2 28.
Nxb7 Rxb4 29. Nd8 g4 30. Nc6 Rb2 31. Be1 Ng5 32. Bc3 Ra2 33. Bxe5 gxf3 34. Bxf3
Nfxe4 35. Bxg7 Nd2 36. Bd4 Ngxf3+ 37. Rxf3 Nxf3+ 38. gxf3 Kf7 39. Be5 Rd2 40. d6
Ke6 41. Bxf4 Ra2 42. Nb4 Ra4 43. Nd3 Rd4 44. Nc5+ Kf5 45. d7 Rd1+ 46. Kf2 {Black
resigns} 1-0

[Event "Team 45 45 League T54"]
[Site "Internet Chess Club"]
[Date "2012.09.09"]
[Round "4"]
[White "jrobic7"]
[Black "bshribharath"]
[Result "0-1"]
[WhiteElo "1817"]
[BlackElo "1874"]
[Opening "Alekhine's defense: modern, Larsen variation"]
[ECO "B04"]
[Time "10:00:49"]
[TimeControl "2700+45"]

1. e4 Nf6 2. e5 Nd5 3. d4 d6 4. Nf3 dxe5 5. Nxe5 c6 6. Bc4 Be6 7. O-O g6 8. Nd2
Nd7 9. Ndf3 Bg7 10. Re1 O-O 11. Ng5 Nxe5 12. Nxe6 fxe6 13. dxe5 Qb6 14. Be3 Qc7
15. Bd4 c5 16. Bc3 Nxc3 17. Bxe6+ Kh8 18. bxc3 Bxe5 19. Rb1 Bxh2+ 20. Kf1 Rxf2+
21. Kxf2 Qg3+ 22. Ke2 Qxg2+ 23. Ke3 Qg5+ 24. Ke4 Qf4+ {White resigns} 0-1

[Event "Team 45 45 League T54"]
[Site "Internet Chess Club"]
[Date "2012.09.09"]
[Round "4"]
[White "azbycx"]
[Black "kabindra"]
[Result "1-0"]
[WhiteElo "1851"]
[BlackElo "1863"]
[Opening "Queen's pawn game, Darooha variation "]
[ECO "E06"]
[Time "16:02:51"]
[TimeControl "2700+45"]

1. d4 d5 2. Nf3 Nf6 3. g3 e6 4. Bg2 Be7 5. O-O O-O 6. c4 dxc4 7. Ne5 c5 8. dxc5
Bxc5 9. Qc2 Qd4 10. Nxc4 Ng4 11. e3 Qf6 12. Na5 Nd7 13. Nxb7 Bxb7 14. Bxb7 Rab8
15. Bc6 Nge5 16. Bxd7 Nxd7 17. Rd1 Rfc8 18. Qe2 Ne5 19. Nd2 Bb6 20. f4 Ng6 21.
Ne4 Qf5 22. Nd6 Rc2 23. Nxf5 Rxe2 24. Nd4 Rd8 25. Nxe2 Rxd1+ 26. Kf2 e5 27. Nc3
Rh1 28. Kg2 Re1 29. Nd5 exf4 30. Nxb6 axb6 31. exf4 Ne7 32. b3 Nd5 33. Kf3 Rd1
34. Bb2 Rd2 35. Ba3 h5 36. h4 Nc3 37. Bb4 Rxa2 38. Rxa2 Nxa2 39. Bd2 Kf8 40. Ke3
Ke7 41. Kd4 Kd6 42. Kc4 b5+ 43. Kxb5 Kd5 44. Ka4 Kd4 45. Ka3 Nc3 46. Bxc3+ Kxc3
47. Ka4 Kd4 48. b4 Kc4 49. Ka5 f5 50. b5 Kc5 51. b6 Kc6 52. Ka6 {Black resigns}
1-0

[Event "Team 45 45 League T54"]
[Site "Internet Chess Club"]
[Date "2012.09.09"]
[Round "4"]
[White "Pason"]
[Black "Jack-ONeill"]
[Result "1-0"]
[WhiteElo "2072"]
[BlackElo "2029"]
[Opening "Bogo-Indian defense, Grünfeld variation"]
[ECO "E11"]
[Time "10:03:11"]
[TimeControl "2700+45"]

1. d4 Nf6 2. Nf3 e6 3. c4 Bb4+ 4. Nbd2 O-O 5. e3 d6 6. Be2 Nc6 7. O-O Bxd2 8.
Nxd2 e5 9. d5 Ne7 10. e4 Ng6 11. g3 Bh3 12. Re1 Nd7 13. Bg4 Bxg4 14. Qxg4 Nc5
15. Nf1 Qc8 16. Qe2 a5 17. g4 c6 18. Ng3 cxd5 19. cxd5 Qd7 20. Be3 Rfc8 21. f3
a4 22. Rac1 b6 23. Rc3 a3 24. b3 Ne7 25. Rec1 h6 26. Nh5 Kh7 27. Qd2 Ng8 28. Ng3
Ne7 29. Kg2 Qb5 30. Qe2 Qxe2+ 31. Nxe2 Na6 32. Bd2 g6 33. Kf2 Kg7 34. Ke3 Rxc3+
35. Rxc3 f5 36. Rc2 Nc5 37. Nc1 fxg4 38. fxg4 g5 39. b4 Na4 40. Rc7 Kf7 41. Ne2
Nb2 42. Nc3 Ke8 43. Nb5 Kd8 44. Rc1 Kd7 45. Ke2 Rf8 46. Rc7+ Kd8 47. Rc3 Ng6 48.
Nc7 Rf7 49. Ne6+ Ke7 50. Rxa3 Nf8 51. Ra7+ Nd7 52. a4 Nc4 53. Bc1 {Black
resigns} 1-0

[Event "Team 45 45 League T54"]
[Site "Internet Chess Club"]
[Date "2012.09.09"]
[Round "4"]
[White "Ptzz"]
[Black "koni"]
[Result "1-0"]
[WhiteElo "2143"]
[BlackElo "1928"]
[Opening "King's Indian: orthodox variation"]
[ECO "E94"]
[Time "13:01:28"]
[TimeControl "2700+45"]

1. d4 Nf6 2. c4 g6 3. Nc3 Bg7 4. e4 d6 5. Be2 O-O 6. Nf3 e5 7. O-O exd4 8. Nxd4
Re8 9. f3 c6 10. Kh1 Nbd7 11. Re1 Ne5 12. Be3 h6 13. b4 g5 14. Qd2 a6 15. Rad1
Qc7 16. a4 c5 17. bxc5 dxc5 18. Nb3 Be6 19. Nd5 Qc6 20. Nxc5 b6 21. Nb4 Qc8 22.
Nxe6 Rxe6 23. Nd5 Nxc4 24. Bxc4 Qxc4 25. Nxb6 Rxb6 26. Bxb6 Qxa4 27. Qa5 Qxa5
28. Bxa5 Nh5 29. Rd8+ Rxd8 30. Bxd8 Bc3 31. Rc1 Bb4 32. Rc6 a5 33. Rxh6 Nf4 34.
Ra6 Ne6 35. Bxa5 Bxa5 36. Rxa5 Kg7 37. Kg1 Kf6 38. Kf2 Kg6 39. Ke3 Kf6 40. g3
Kg6 41. Ra6 Kf6 42. f4 gxf4+ 43. gxf4 Kg7 44. Rxe6 fxe6 45. f5 {Black resigns}
1-0

[Event "Team 45 45 League T54"]
[Site "Internet Chess Club"]
[Date "2012.09.09"]
[Round "4"]
[White "poni"]
[Black "Holzschlange"]
[Result "1-0"]
[WhiteElo "1892"]
[BlackElo "1829"]
[Opening "Réti opening"]
[ECO "A04"]
[Time "13:05:20"]
[TimeControl "2700+45"]

1. Nf3 e6 2. g3 d5 3. Bg2 c5 4. d3 Nc6 5. O-O g6 6. e4 Bg7 7. c3 Nge7 8. Re1 O-O
9. Be3 b6 10. Qd2 dxe4 11. dxe4 Bb7 12. Qc2 Na5 13. Nbd2 Qc7 14. Bf4 e5 15. Bg5
Rac8 16. Bh3 Rcd8 17. Rac1 Ba6 18. Bf1 Bc8 19. b4 Nb7 20. a4 Bg4 21. h3 Be6 22.
Nc4 f6 23. Be3 Rc8 24. b5 Nd8 25. Rcd1 Nf7 26. a5 Bh6 27. Bxh6 Nxh6 28. axb6
axb6 29. Ra1 Ra8 30. Red1 Nf7 31. Ra6 Rfb8 32. Rda1 Rxa6 33. Rxa6 Nd6 34. Nxd6
Qxd6 35. Nd2 h5 36. Bc4 Qd7 37. Qa2 Kf7 38. Ra7 Qc8 39. Bd5 Bxd5 40. exd5 Kf8
41. d6 {Black resigns} 1-0

[Event "Team 45 45 League T54"]
[Site "Internet Chess Club"]
[Date "2012.09.06"]
[Round "4"]
[White "pishd"]
[Black "pkktet"]
[Result "1-0"]
[WhiteElo "1733"]
[BlackElo "1807"]
[Opening "Queen's pawn game"]
[ECO "A46"]
[Time "04:04:37"]
[TimeControl "2700+45"]

1. d4 Nf6 2. Nf3 c5 3. c3 e6 4. Bf4 Nc6 5. e3 d5 6. Nbd2 Be7 7. Bd3 Bd7 8. Ne5
Nxe5 9. dxe5 Ng8 10. Qg4 g6 11. h4 f5 12. Qg3 Qb6 13. h5 g5 14. Bxg5 Bxg5 15.
Qxg5 Ne7 16. O-O-O Rg8 17. Qh4 Nc6 18. Nf3 Qd8 19. Qh2 a6 20. h6 Qe7 21. Qh5+
Qf7 22. Ng5 Qxh5 23. Rxh5 Nxe5 24. Nxh7 Nxd3+ 25. Rxd3 Rxg2 26. Ng5 Ke7 27. h7
Rh8 28. f4 Kf6 29. c4 Rg1+ 30. Kc2 Rg2+ 31. Kc3 b5 32. cxd5 b4+ 33. Kb3 Bb5 34.
Rd1 a5 35. a4 c4+ 36. Ka2 Bxa4 37. Rb1 Bb3+ 38. Ka1 exd5 39. Rh6+ Kg7 40. Rb6 c3
41. Rb7+ Kg6 42. Rb6+ Kh5 43. Rh1+ Kg4 44. bxc3 d4 45. cxd4 Ba2 46. Rg6 {Black
resigns} 1-0

[Event "Team 45 45 League T54"]
[Site "Internet Chess Club"]
[Date "2012.09.06"]
[Round "4"]
[White "moomaster"]
[Black "mongmong"]
[Result "1-0"]
[WhiteElo "1754"]
[BlackElo "1649"]
[Opening "French: exchange variation"]
[ECO "C01"]
[Time "19:09:22"]
[TimeControl "2700+45"]

1. e4 e6 2. d4 d5 3. exd5 exd5 4. Nf3 Nf6 5. Bd3 Bg4 6. Bg5 Qe7+ 7. Be3 Nbd7 8.
Nc3 c6 9. O-O O-O-O 10. Re1 Qb4 11. Rb1 Bd6 12. h3 Bh5 13. a3 Qb6 14. b4 Rde8
15. b5 c5 16. dxc5 Nxc5 17. Na4 Qc7 18. b6 axb6 19. Nxb6+ Kb8 20. Qd2 Nfd7 21.
Nxd5 Qc8 22. Bf4 Bxf4 23. Qxf4+ Ka7 24. Nd4 Nxd3 25. cxd3 Rxe1+ 26. Rxe1 Nb6 27.
Nb5+ Ka6 28. Ndc7+ Ka5 29. Qb4# {Black checkmated} 1-0

[Event "Team 45 45 League T54"]
[Site "Internet Chess Club"]
[Date "2012.09.09"]
[Round "4"]
[White "Kravier"]
[Black "houseofcook"]
[Result "1-0"]
[WhiteElo "1655"]
[BlackElo "1488"]
[Opening "Queen's bishop game"]
[ECO "D02"]
[Time "06:21:06"]
[TimeControl "2700+45"]

1. Nf3 Nf6 2. d4 d5 3. Bf4 e6 4. e3 Bd6 5. Bg5 Nbd7 6. a3 O-O 7. c4 c5 8. Nc3
Be7 9. dxc5 Nxc5 10. b4 Ncd7 11. c5 Ne4 12. Bxe7 Qxe7 13. Nxe4 dxe4 14. Nd2 Nf6
15. Bc4 Bd7 16. O-O b6 17. cxb6 axb6 18. Qb1 b5 19. Bb3 Bc6 20. Bc2 Qb7 21. Nb3
Bd5 22. Nc5 Qc6 23. Bb3 Bxb3 24. Qxb3 Nd7 25. Rac1 Nxc5 26. Rxc5 Qb7 27. h3 Rfc8
28. Rfc1 Rxc5 29. bxc5 Qc6 30. Qd1 h6 31. Qd6 Rc8 32. Qxc6 Rxc6 33. Kf1 Kf8 34.
Ke2 Ke7 35. f3 f5 36. fxe4 fxe4 37. Rc3 e5 38. Kd2 Kd7 39. Kc2 Kc7 40. Kb3 Kb7
41. Kb4 Ka6 42. Rc2 g6 43. Rd2 h5 44. Rd6 Rxd6 45. cxd6 Kb6 46. d7 Kc7 47. Kxb5
Kxd7 48. Kc5 {Black resigns} 1-0

[Event "Team 45 45 League T54"]
[Site "Internet Chess Club"]
[Date "2012.09.08"]
[Round "4"]
[White "MateIn42"]
[Black "AnthonySinkface"]
[Result "1-0"]
[WhiteElo "1374"]
[BlackElo "1119"]
[Opening "Petrov: Cozio (Lasker) attack"]
[ECO "C42"]
[Time "11:07:37"]
[TimeControl "2700+45"]

1. e4 e5 2. Nf3 Nf6 3. Nxe5 d6 4. Nf3 Nxe4 5. Qe2 Qe7 6. d3 Nf6 7. Nc3 Qxe2+ 8.
Bxe2 Be7 9. Bg5 Nbd7 10. O-O O-O 11. Rfe1 h6 12. Bd2 a6 13. d4 c5 14. Bxa6 Rxa6
15. Rxe7 Re8 16. Rae1 Rxe7 17. Rxe7 Kf8 18. Re1 Nb6 19. dxc5 dxc5 20. b3 Nbd5
21. Nxd5 Nxd5 22. a4 Bf5 23. c4 Nb4 24. Re5 Bc2 25. Rxc5 Nd3 26. Rc8+ Ke7 27.
Rc7+ Kf8 28. Rxb7 Nc5 29. Bb4 Rc6 30. Nd4 Rc8 31. Nxc2 Rd8 32. Bxc5+ Kg8 33. Bd4
f6 34. h4 Re8 35. Ne3 Re4 36. Bc3 Rxh4 37. Rxg7+ Kxg7 38. Nf5+ Kg6 39. Nxh4+ Kg5
40. Nf3+ Kf5 41. a5 {Black resigns} 1-0

[Event "Team 45 45 League T54"]
[Site "Internet Chess Club"]
[Date "2012.09.07"]
[Round "4"]
[White "WzeroMN"]
[Black "Visin"]
[Result "0-1"]
[WhiteElo "1015"]
[BlackElo "1203"]
[Opening "Ruy Lopez: closed, Averbach variation"]
[ECO "C79"]
[Time "13:01:44"]
[TimeControl "2700+45"]

1. e4 e5 2. Nf3 Nc6 3. Bb5 a6 4. Ba4 d6 5. O-O Nf6 6. Re1 Be7 7. d3 b5 8. Bb3
Bg4 9. Bg5 O-O 10. Nbd2 Nd4 11. Re3 c5 12. c3 Ne6 13. a3 Nxg5 {White resigns}
0-1

[Event "Team 45 45 League T54"]
[Site "Internet Chess Club"]
[Date "2012.09.06"]
[Round "4"]
[White "Bryant-L"]
[Black "Docvan"]
[Result "0-1"]
[WhiteElo "1443"]
[BlackElo "1424"]
[Opening "Pirc defense"]
[ECO "B07"]
[Time "19:31:43"]
[TimeControl "2700+45"]

1. e4 d6 2. d4 Nf6 3. Nc3 g6 4. Be3 Bg7 5. Qd2 O-O 6. Bh6 c5 7. Bxg7 Kxg7 8. d5
Bd7 9. f4 Qb6 10. O-O-O Bg4 11. Nf3 Nbd7 12. Be2 Bxf3 13. Bxf3 Qc7 14. g4 Nb6
15. g5 Nfd7 16. h4 Nc4 17. Qd3 b5 18. Nxb5 Qb7 19. Qd4+ cxd4 {White resigns} 0-1

[Event "Team 45 45 League T54"]
[Site "Internet Chess Club"]
[Date "2012.09.09"]
[Round "4"]
[White "pereelcoix"]
[Black "DutchBird"]
[Result "0-1"]
[WhiteElo "1386"]
[BlackElo "1448"]
[Opening "Philidor: exchange variation"]
[ECO "C41"]
[Time "11:00:16"]
[TimeControl "2700+45"]

1. e4 e5 2. Nf3 d6 3. d4 exd4 4. Nxd4 Nf6 5. Nc3 Be7 6. Be2 O-O 7. O-O Nc6 8.
Bb5 Bd7 9. Nxc6 bxc6 10. Bc4 Be6 11. Bxe6 fxe6 12. Qe2 Qd7 13. Bg5 Rab8 14. b3
e5 15. Bxf6 Bxf6 16. Qa6 Ra8 17. a4 d5 18. Rfd1 d4 19. Ne2 Kh8 20. h3 Be7 21.
Qd3 Qe6 22. c3 Qxb3 23. cxd4 Qxd3 24. Rxd3 exd4 25. Nxd4 Bf6 26. Rad1 Rae8 27.
f3 c5 28. Nb5 c4 29. Rd7 c3 30. Rxc7 Rc8 31. Rxc8 Rxc8 32. Rc1 a6 33. Na3 Kg8
34. Kf2 Kf7 35. Ke3 Be7 36. Nc2 Rd8 37. Ne1 Bc5+ 38. Kf4 Rc8 39. Kg4 Be3 40. Rc2
Bd2 41. Nd3 Rb8 42. Ne5+ Ke8 43. Nc4 Be1 44. Rc1 Rb4 45. Nd6+ Kd7 46. Rxe1 Kxd6
47. Rd1+ Kc5 48. Rd7 Kc4 49. Rxg7 c2 50. Rc7+ Kb3 51. Rxc2 Kxc2 52. Kf5 Rxa4 53.
e5 Rc4 54. e6 a5 55. e7 Rc8 56. Ke6 a4 57. f4 a3 58. Kd7 Ra8 59. e8=Q Rxe8 60.
Kxe8 a2 61. f5 a1=Q 62. Kf7 Qa7+ {White resigns} 0-1

[Event "Team 45 45 League T54"]
[Site "Internet Chess Club"]
[Date "2012.09.09"]
[Round "4"]
[White "arconia"]
[Black "Andaluz"]
[Result "0-1"]
[WhiteElo "1336"]
[BlackElo "1093"]
[Opening "Sicilian"]
[ECO "B50"]
[Time "13:00:42"]
[TimeControl "2700+45"]

1. e4 c5 2. Nf3 d6 3. Be2 Nf6 4. d3 Nc6 5. Bg5 e6 6. Qd2 h6 7. Bh4 Be7 8. Bg3
Qc7 9. Nc3 a6 10. h3 b5 11. O-O Bb7 12. a3 O-O 13. Nh2 Nd4 14. Bd1 Qc6 15. Ne2
Nf5 16. Nf4 e5 17. exf5 exf4 18. Bf3 Qd7 19. Bxf4 Bxf3 20. Nxf3 Qxf5 21. Rae1
Rfe8 22. c4 Nh5 23. Bh2 Bf8 24. Rxe8 Rxe8 25. cxb5 axb5 26. g4 Qxf3 27. gxh5
Qxh5 28. Kg2 Qd5+ 29. f3 c4 30. d4 Kh7 31. Kh1 g6 32. Qf4 f5 33. Qd2 Bg7 34. Qa5
Bxd4 35. Qc7+ Bg7 36. Bxd6 g5 37. Qd7 Re6 38. Bf8 Qxd7 {White resigns} 0-1

[Event "Team 45 45 League T54"]
[Site "Internet Chess Club"]
[Date "2012.09.10"]
[Round "4"]
[White "MickyMcMonigle"]
[Black "iceface"]
[Result "0-1"]
[WhiteElo "1489"]
[BlackElo "1652"]
[Opening "Sicilian: Nimzovich-Rossolimo attack (with ...g6, without ...d6)"]
[ECO "B31"]
[Time "20:02:33"]
[TimeControl "2700+45"]

1. e4 c5 2. Nf3 Nc6 3. Bb5 g6 4. Bxc6 bxc6 5. d3 Bg7 6. c3 d6 7. Be3 Rb8 8. Qc2
Qc7 9. O-O Nf6 10. h3 Nd7 11. Nbd2 a5 12. Nh2 a4 13. f4 Ba6 14. Rf2 Qa5 15. Nc4
Bxc4 16. dxc4 a3 17. Bc1 axb2 18. Bxb2 Nb6 19. Qd3 Na4 20. e5 Nxb2 21. Rxb2 Rxb2
22. exd6 O-O 23. dxe7 Re8 24. Qd7 Qa8 25. Rd1 Re2 26. Qxe8+ Qxe8 27. Rd8 Rxe7
28. Rxe8+ Rxe8 {White resigns} 0-1

[Event "Team 45 45 League T54"]
[Site "Internet Chess Club"]
[Date "2012.09.09"]
[Round "4"]
[White "iwin2"]
[Black "samprabhur"]
[Result "1-0"]
[WhiteElo "1553"]
[BlackElo "1344"]
[Opening "Scotch gambit: Benima defense"]
[ECO "C44"]
[Time "14:30:20"]
[TimeControl "2700+45"]

1. e4 e5 2. Nf3 Nc6 3. d4 exd4 4. Bc4 Be7 5. c3 dxc3 6. Qd5 Nh6 7. Bxh6 Rf8 8.
Bxg7 Nb4 9. Qh5 Nc2+ 10. Kf1 cxb2 11. Bxf8 d6 12. Qxf7+ Kd7 13. Qf5+ Ke8 14.
Bf7+ Kxf8 15. Qxh7 Bf6 16. Bd5 {Black resigns} 1-0